 Seeded DCSS version 0.30-a0-1035-g38d5fb2972 (webtiles) character file.

Game seed: 742022596232315636 (custom seed)

24 Mickster the Digger (level 3, 0/33 HPs)
             Began as an Ogre Earth Elementalist on Apr 8, 2023.
             Succumbed to an adder's poison
             ... on level 2 of the Dungeon.
             The game lasted 00:09:31 (908 turns).

Mickster the Digger (Ogre Earth Elementalist)        Turns: 908, Time: 00:09:32

Health: 0/33       AC:  3    Str: 14    XL:     3   Next: 2%
Magic:  5/6        EV:  6    Int: 16    God:
Gold:   45         SH: 14    Dex:  9    Spells: 4/7 levels left

rFire   . . .      SeeInvis .    l - +0 whip
rCold   . . .      Faith    .    n - +0 tower shield
rNeg    . . .      Spirit   .    a - +0 robe
rPois   .          Reflect  +    (helmet restricted)
rElec   .          Rampage  .    (no cloak)
rCorr   .                        (gloves unavailable)
Will    .....                    (boots unavailable)
Stlth   +                        j - amulet of reflection
HPRegen 0.25/turn                (no ring)
MPRegen 0.10/turn                (no ring)

@: brilliant, lethally poisoned (0 -> -16)
A: large, unfitting armour, tough skin 1
a: no special abilities


You were on level 2 of the Dungeon.
You visited 1 branch of the dungeon, and saw 2 of its levels.

You collected 45 gold pieces.

Inventory:

Hand Weapons
 g - a +0 club
 h - a +0 sling
 l - a +0 whip (weapon)
Missiles
 e - 6 boomerangs (quivered)
 i - 3 stones
Armour
 a - a +0 robe (worn)
 n - a +0 tower shield (worn)
Jewellery
 j - an amulet of reflection (around neck)
Scrolls
 c - a scroll of magic mapping {unknown}
 f - a scroll of identify {unknown}
Potions
 b - a potion of magic
 d - a potion of brilliance
 m - a potion of curing {unknown}


   Skills:
 + Level 1.2 Fighting
 + Level 0.3 Maces & Flails
 + Level 0.2 Throwing
 + Level 1.9 Dodging
 + Level 1.4 Stealth
 + Level 2.6 Spellcasting
 + Level 0.8 Transmutations
 + Level 3.2 Earth Magic


You had 4 spell levels left.
You knew the following spells:

 Your Spells              Type           Power      Damage    Failure   Level
a - Sandblast             Erth           36%        2d10      43%         1
b - Passwall              Tmut/Erth      10%        N/A       75%         2

Your spell library contained the following spells:

 Spells                   Type           Power      Damage    Failure   Level
 Stone Arrow              Conj/Erth      20%        3d8       95%         3
 Petrify                  Tmut/Erth      12%        N/A       100%        4
 Borgnjor's Revivificati  Necr           1%         N/A       100%        8
 Necromutation            Tmut/Necr      2%         N/A       100%        8
 Death's Door             Necr           1%         N/A       100%        9


Dungeon Overview and Level Annotations

Branches:
Dungeon (2/15)

Altars:

Annotations:
D:1 2 transporters


Innate Abilities, Weirdness & Mutations

You are too large for most types of armour.
You have tough skin. (AC +1)


Message History

The adder is lightly wounded.
The adder bites you. x2
You are poisoned.
The adder poisons you!
You miss the adder.
The adder is lightly wounded.
You feel sick. The adder closely misses you. You block the adder's attack.
You closely miss the adder.
The adder is lightly wounded.
You feel sick. The adder bites you.
You are more poisoned.
The adder poisons you!
You hit the adder.
The adder is heavily wounded.
You feel very sick. The adder closely misses you. The adder bites you.
You are more poisoned.
The adder poisons you!
You barely miss the adder.
The adder is heavily wounded.
You feel very sick. The adder closely misses you. The adder bites you.
* * * LOW HITPOINT WARNING * * *
You are lethally poisoned!
The adder poisons you!
It was a potion of brilliance.
You feel clever all of a sudden.
* * * LOW HITPOINT WARNING * * *
You feel sick. You block the adder's attack. The adder bites you.
* * * LOW HITPOINT WARNING * * *
You are more poisoned.
The adder poisons you!
Casting: Sandblast (safe; 43% risk of failure)
Confirm with . or Enter, or press ? or * to list all spells.
Aiming: Sandblast (safe; 43% risk of failure)
Press: ? - help, Shift-Dir - straight line, f - adder
Aim: an adder (heavily wounded, 70% to hit)
You feel a surge of power!
The blast of sand hits the adder.
The adder is severely wounded.
You die...

###...###... #......#
..#.......#...
#.......###...###...###
#......#... #...#.....
#......#...###...###...
#......#. #...#.#...#..
#.....(.###...#.#...###
#.........#...#.#...#..
#.....@S...###...###...
#......?......#.#......
#.........#...#.#......
#.........##..#.#......
#####.######.#...#...##
#. #.........## ..
#.........# ###
#)........# #####.....#


You could see an adder.

Vanquished Creatures
  A dart slug (D:1)
  2 ball pythons (D:1)
  A giant cockroach (D:1)
  2 goblins (D:1)
  3 hobgoblins (D:1)
  A kobold (D:1)
  A quokka (D:2)
  4 bats (D:1)
  3 frilled lizards
  2 rats (D:1)
20 creatures vanquished.

Notes
Turn   | Place    | Note
-------+----------+-------------------------------------------
     0 | D:1      | Mickster the Ogre Earth Elementalist began the quest for
                  | the Orb.
     0 | D:1      | Reached XP level 1. HP: 16/16 MP: 3/3
   278 | D:1      | Reached skill level 3 in Earth Magic
   290 | D:1      | Reached XP level 2. HP: 16/26 MP: 1/5
   629 | D:1      | Learned a level 2 spell: Passwall
   750 | D:1      | Reached skill level 1 in Fighting
   810 | D:2      | Reached XP level 3. HP: 27/33 MP: 3/6
   908 | D:2      | Succumbed to an adder's poison

Illustrated notes

Levels and vault maps discovered:
D:1:      spicycebolla_arrival_transporter_tutorial, layout_loops_ring
D:2:      layout_basic, nicolae_titane

Skill      XL: |  1  2 |
---------------+-------+-----
Earth Magic    | 3 |  3.2
Fighting       | 1 |  1.2
Maces & Flails | |  0.3
Throwing       | |  0.2
Dodging        | |  1.9
Stealth        | |  1.4
Spellcasting   | |  2.6
Transmutations | |  0.8

Action                     || total
---------------------------++-------
  Melee: Club              ||    36
         Unarmed           ||    10
         Whip              ||    22
  Throw: Boomerang         ||    10
   Cast: Sandblast         ||    13
    Use: Potion            ||     1
 Armour: Robe              ||    28
  Dodge: Dodged            ||    51
  Block: Other             ||     8
         Tower shield      ||     6

Table legend: (Time is in decaauts)
 A = Elapsed time spent in this place.
 B = Non-inter-level travel time spent in this place.
 C = Inter-level travel time spent in this place.
 D = Time resting spent in this place.
 E = Time spent auto-exploring this place.
 F = Levels seen in this place.
 G = Mean time per level.
                   A        B        C        D        E       F      G
               +--------+--------+--------+--------+--------+-----+--------+
         Total |    931 |    931 |      0 |    345 |      0 |   2 |  465.5 |
       Dungeon |    931 |    931 |      0 |    345 |      0 |   2 |  465.5 |
               +--------+--------+--------+--------+--------+-----+--------+

Top non-repeatable levels by time:
     D:1: 808 daAuts
     D:2: 123 daAuts
